 Dungeon Crawl Stone Soup version 0.31-a0-851-g7ff8af7976 (webtiles) character file.

Game seed: 13705644529413093904

389 LisatheFox the Gusty (level 6, -1/32 HPs)
             Began as a Tengu Air Elementalist on Oct 6, 2023.
             Slain by Pikel
             ... wielding a +2 whip of flaming
              (3 damage)
             ... on level 4 of the Dungeon.
             The game lasted 00:09:50 (4029 turns).

LisatheFox the Gusty (Tengu Air Elementalist)       Turns: 4029, Time: 00:09:52

Health: -1/32      AC:  7    Str:  9    XL:     6   Next: 79%
Magic:  0/14       EV: 12    Int: 17    God:
Gold:   162        SH:  0    Dex: 14    Spells: 3/15 levels left

rFire   . . .        h - +0 short sword
rCold   . . .        (no shield)
rNeg    . . .        k - +2 robe {Will+}
rPois   .            (helmet restricted)
rElec   .            c - +1 cloak
rCorr   .            i - +0 pair of gloves
SInv    .            (boots unavailable)
Will    +....        (no amulet)
Stlth   ++           (no ring)
HPRegen 0.25/turn    (no ring)
MPRegen 0.14/turn

%: acrobat
@: very slightly contaminated
A: beak, talons 3, acrobatic
a: no special abilities


You were on level 4 of the Dungeon.
You visited 1 branch of the dungeon, and saw 4 of its levels.

You collected 162 gold pieces.

Inventory:

Hand Weapons
 h - a +0 short sword (weapon)
Armour
 c - a +1 cloak (worn)
 i - a +0 pair of gloves (worn)
 k - a +2 robe of willpower (worn)
Scrolls
 a - a scroll of blinking
 d - a scroll of fear
 e - 2 scrolls of silence
 l - a scroll of identify
Potions
 b - a potion of magic
 f - a potion of brilliance


   Skills:
 - Level 2.1 Dodging
 - Level 2.0 Stealth
 + Level 5.0 Spellcasting
 - Level 3.0 Conjurations
 + Level 6.4 Air Magic


You had 3 spell levels left.
You knew the following spells:

 Your Spells              Type           Power      Damage    Failure   Level
a - Shock                 Conj/Air       80%        1d8       1%          1
b - Static Discharge      Conj/Air       40%        2-4/arc   3%          2
c - Swiftness             Air            26%        N/A       3%          3
d - Airstrike             Air            13%        2d(2-18)  10%         4
e - Blink                 Tloc           8%         N/A       22%         2

Your spell library contained the following spells:

 Spells                   Type           Power      Damage    Failure   Level
 Dazzling Flash           Conj/Hex       18%        N/A       22%         3
 Summon Guardian Golem    Hex/Summ       4%         N/A       38%         3
 Volatile Blastmotes      Fire/Tloc      8%         2d10      38%         3
 Silence                  Hex/Air        7%         N/A       71%         5
 Manifold Assault         Tloc           4%         N/A       80%         4
 Agony                    Necr           4%         N/A       98%         5
 Starburst                Conj/Fire      4%         6d4       100%        6
 Orb of Destruction       Conj           7%         9d6       100%        7
 Spellforged Servitor     Conj/Summ      4%         N/A       100%        7
 Maxwell's Capacitive Co  Air            13%        ∞         100%        8


Dungeon Overview and Level Annotations

Branches:
Dungeon (4/15)
 Temple: D:4-7

Altars:
Cheibriados

Annotations:
D:4 Dowan, Duvessa, Pikel


Innate Abilities, Weirdness & Mutations

You have a beak for a mouth.
You have claws for feet.
You can magically evade attacks while moving or waiting.


Message History

Press: ? - help, Q - select action, (/) - cycle Dir - look around, f - activate Pikel is struck by an arc of lightning.
Pikel is heavily wounded.
You are struck by an arc of lightning.
Pikel is struck by an arc of lightning.
Pikel is severely wounded.
The lightning grounds out.
Pikel barely misses you.
Casting: Static Discharge (safe; 3% risk of failure)
Press: ? - help, Q - select action, (/) - cycle Dir - look around, f - activate Look: Pikel, wielding a +2 whip of flaming and wearing a +0 robe (severely wounded) Pikel is struck by an arc of lightning.
Pikel is severely wounded.
You are struck by an arc of lightning.
Pikel is struck by an arc of lightning.
Pikel is almost dead.
The lightning grounds out.
Pikel hits you with a +2 whip of flaming.
Pikel burns you.
Unknown command.
Pikel attacks as he pursues you!
Pikel hits you with a +2 whip of flaming.
Pikel burns you.
* * * LOW HITPOINT WARNING * * *
Aiming: Shock (safe; 1% risk of failure)
Press: ? - help, Q - select action, (/) - cycle Shift-Dir - straight line, f/p - Pikel
Aim: Pikel, wielding a +2 whip of flaming and wearing a +0 robe (almost dead, 64% to hit)
The zap misses Pikel.
The zap hits the lemure.
The lemure is heavily wounded.
The zap hits the lemure.
The lemure is lightly wounded.
Pikel hits you with a +2 whip of flaming!
* * * LOW HITPOINT WARNING * * *
Pikel burns you.
You die...
Pikel says, "See you in Hell!"

#.# ##.## .# #.)
##...## #.#
#....>## #..
##.....######.#
.####..#........#
........[.#######
####.....#
#....## #@####
#K# #5# #5# #.#
... ...#. 5......
5#.... #.


You could see Pikel and 2 lemures.

Vanquished Creatures
  An ogre (D:4)
  2 lemures (D:4)
  A scorpion (D:3)
  A hound (D:4)
  Crazy Yiuf (D:2)
  Jessica (D:2)
  Natasha (twice) (D:2)
  An orc wizard (D:3)
  2 adders (D:2)
  4 orcs (D:3)
  8 endoplasms
  5 giant cockroaches (D:1)
  8 goblins
  5 hobgoblins
  6 quokkas
  3 ball pythons
  10 bats
  2 frilled lizards
  9 kobolds
  5 rats
77 creatures vanquished.

Notes
Turn   | Place    | Note
-------+----------+-------------------------------------------
     0 | D:1      | LisatheFox the Tengu Air Elementalist began the quest for
                  | the Orb.
     0 | D:1      | Reached XP level 1. HP: 10/10 MP: 4/4
   284 | D:1      | Reached XP level 2. HP: 11/15 MP: 3/6
   692 | D:1      | Reached XP level 3. HP: 19/19 MP: 3/7
   865 | D:1      | Learned a level 2 spell: Static Discharge
   869 | D:1      | Learned a level 3 spell: Swiftness
  1705 | D:2      | Found a snail-covered altar of Cheibriados.
  1902 | D:2      | Noticed Natasha
  1905 | D:2      | Killed Natasha
  1906 | D:2      | Reached XP level 4. HP: 24/24 MP: 5/9
  2116 | D:2      | Found a faded altar of an unknown god.
  2169 | D:2      | Noticed Jessica
  2176 | D:2      | Killed Jessica
  2177 | D:2      | Reached skill level 5 in Air Magic
  2178 | D:2      | Reached XP level 5. HP: 27/28 MP: 1/11
  2361 | D:2      | Noticed Natasha
  2370 | D:2      | Killed Natasha
  2567 | D:2      | Found a runed translucent door.
  2568 | D:2      | Noticed Crazy Yiuf
  2574 | D:2      | Learned a level 4 spell: Airstrike
  2581 | D:2      | Killed Crazy Yiuf
  3070 | D:3      | Reached XP level 6. HP: 14/32 MP: 1/13
  3526 | D:3      | Learned a level 2 spell: Blink
  3816 | D:4      | Reached skill level 6 in Air Magic
  3889 | D:4      | Reached skill level 5 in Spellcasting
  3908 | D:4      | Noticed Duvessa
  3908 | D:4      | Noticed Dowan
  4010 | D:4      | Noticed Pikel
  4029 | D:4      | Slain by Pikel

Illustrated notes

Levels and vault maps discovered:
D:1:      minmay_arrival_solitary_statue, layout_loops_ring,
          minmay_misc_feat_tower, minmay_misc_feat_x,
          minmay_misc_feat_diagonals, hangedman_abyss_or_decor_stabs
D:2:      layout_basic, basic_altar, hellmonk_ecumenical_altar_heavens_door,
          uniq_crazy_yiuf_cottage, uniq_natasha, uniq_jessica
D:3:      layout_loops_ring
D:4:      layout_loops_corners, mainiacjoe_overflow_swirl, uniq_duvessa,
          uniq_grinder, uniq_pikel

Skill      XL: |  1  2  3  4  5  6 |
---------------+-------------------+-----
Conjurations   | 2 3 |  3.0
Spellcasting   | 3 4 5 |  5.0
Air Magic      | 5 6 |  6.4
Dodging        | |  2.1
Stealth        | |  2.0

Action                     |  1- 3 |  4- 6 || total
---------------------------+-------+-------++-------
  Melee: Kick              |     5 |     4 ||     9
         Dagger            |     4 |       ||     4
         Unarmed           |     3 |       ||     3
         Peck              |     1 |     2 ||     3
         Short sword       |       |     5 ||     5
   Cast: Shock             |    88 |    87 ||   175
         Static Discharge  |       |     2 ||     2
         Swiftness         |       |     1 ||     1
    Use: Scroll            |     4 |     6 ||    10
         Potion            |       |     2 ||     2
 Armour: Robe              |    11 |    20 ||    31
         Leather armour    |     1 |     3 ||     4
  Dodge: Dodged            |    13 |    15 ||    28

Table legend: (Time is in decaauts)
 A = Elapsed time spent in this place.
 B = Non-inter-level travel time spent in this place.
 C = Inter-level travel time spent in this place.
 D = Time resting spent in this place.
 E = Time spent auto-exploring this place.
 F = Levels seen in this place.
 G = Mean time per level.
                   A        B        C        D        E       F      G
               +--------+--------+--------+--------+--------+-----+--------+
         Total |   4022 |   3904 |    118 |     78 |   3374 |   4 | 1005.5 |
       Dungeon |   4022 |   3904 |    118 |     78 |   3374 |   4 | 1005.5 |
               +--------+--------+--------+--------+--------+-----+--------+

Top non-repeatable levels by time:
     D:1: 1464 daAuts
     D:2: 1199 daAuts
     D:3: 931 daAuts
     D:4: 427 daAuts
